details: 'Replay_2009_06_01_1257'

« prev index next »

General information

Mini Map

Players

team 1
Random» UndeadCrAEzy (red | 40 APM | 621 actions | 15:41)
Hero icon 4 Death Knight
Ability icon 2 Death Coil
Ability icon 2 Unholy Aura
Hero icon 3 Lich
Ability icon 2 Frost Armor
Ability icon 1 Dark Ritual

» actions
Basic commands30
Build / train44
Enter build submenu14
Enter hero's abilities submenu8
Give item / drop item4
Right click263
Select / deselect222
Use ability36
621 total
» units
Acolyte6
Ghoul4
Crypt Fiend12
Obsidian Statue3
Harpy Rogue1
26 total
» upgrades
Web1
Burrow1
Creature Attack1
Creature Carapace1
4 total
» buildings
Altar of Darkness1
Crypt2
Ziggurat6
Graveyard1
Tomb of Relics1
Halls of the Dead1
Slaughterhouse1
Necropolis1
Spirit Tower1
15 total
» build order
00:04 Altar of Darkness
00:08 Crypt
00:12 Ziggurat
01:19 Graveyard
01:48 Ziggurat
02:02 Tomb of Relics
02:55 Crypt
04:09 Ziggurat
04:48 Halls of the Dead
06:31 Ziggurat
06:38 Ziggurat
07:40 Slaughterhouse
11:36 Ziggurat
12:16 Necropolis
13:59 Spirit Tower
» items
Rod of Necromancy1
Scroll of Town Portal1
Potion of Healing1
3 total
team 2
NightElfZephyd (pink | 113 APM | 1781 actions | 15:43)
Hero icon 5 Dark Ranger
Ability icon 3 Black Arrow
Ability icon 2 Silence
Hero icon 3 Pandaren Brewmaster
Ability icon 2 Breath of Fire
Ability icon 1 Drunken Haze

» actions
Assign group hotkey92
Basic commands15
Build / train52
ESC pressed2
Enter build submenu16
Enter hero's abilities submenu8
Give item / drop item3
Right click837
Select / deselect363
Select group hotkey337
Use ability56
1781 total
» units
Wisp14
Archer7
Dryad3
Druid of the Claw9
33 total
» upgrades
Improved Bows1
Druid of the Claw Training2
Reinforced Hides1
Ultravision1
Mark of the Claw1
Strength of the Wild1
7 total
» buildings
Moon Well6
Ancient of War1
Altar of Elders1
Tree of Ages1
Hunter's Hall1
Ancient of Wonders1
Ancient of Lore2
Tree of Eternity1
14 total
» build order
00:10 Moon Well
00:36 Ancient of War
01:03 Altar of Elders
01:21 Moon Well
02:56 Tree of Ages
03:53 Hunter's Hall
03:56 Moon Well
04:41 Ancient of Wonders
05:21 Ancient of Lore
05:23 Ancient of Lore
05:59 Moon Well
07:59 Tree of Eternity
08:43 Moon Well
09:39 Moon Well